 Dungeon Crawl Stone Soup version 0.23.2-1-ga50397a (webtiles) character file.

Game seed: 10964542450790761502

221 Iscandelvey the Vexing (level 5, 0/37 HPs)
             Began as a Demonspawn Arcane Marksman on Apr 17, 2019.
             Slain by a gnoll
             ... wielding a +0 spear
              (1 damage)
             ... on level 5 of the Dungeon.
             The game lasted 00:02:35 (2828 turns).

Iscandelvey the Vexing (Demonspawn Arcane Marksman) Turns: 2828, Time: 00:02:36

Health: 0/37       AC:  5    Str: 10    XL:     5   Next: 65%
Magic:  8/8        EV: 13    Int: 15    God:
Gold:   291        SH:  0    Dex: 14    Spells: 7/8 levels left

rFire    . . .     SeeInvis .   s - +2 quarterstaff (speed)
rCold    . . .     Gourm    .   (shield currently unavailable)
rNeg     . . .     Faith    .   e - +0 robe
rPois    .         Spirit   .   (no helmet)
rElec    .         Reflect  .   (no cloak)
rCorr    .         Harm     .   (no gloves)
MR       .....                  (no boots)
Stlth    ++........             (no amulet)
HPRegen  0.12/turn              (no ring)
MPRegen  0.11/turn              (no ring)

@: no status effects
A: molten scales 2, powered by pain 1
a: no special abilities


You were on level 5 of the Dungeon.
You were near starving.

You visited 1 branch of the dungeon, and saw 5 of its levels.

You collected 291 gold pieces.

Inventory:

Hand Weapons
 a - a +0 hand crossbow
 s - a +2 quarterstaff of speed (weapon)
Missiles
 d - 35 bolts
Armour
 e - a +0 robe (worn)
Jewellery
 i - an uncursed amulet of the acrobat {unknown}
 m - an uncursed ring of protection from magic {unknown}
 p - a +3 ring of strength {unknown}
 t - an uncursed ring of fire {unknown}
Scrolls
 c - 2 scrolls of blinking {unknown}
 g - 2 scrolls of remove curse {unknown}
 k - 6 scrolls of identify {unknown}
 l - a scroll of noise {unknown}
 o - 2 scrolls of teleportation {unknown}
 u - a scroll of immolation {unknown}
 v - a scroll of fear {unknown}
 w - a scroll of magic mapping {unknown}
 x - a scroll of random uselessness {unknown}
 y - a scroll of enchant armour {unknown}
Potions
 b - a potion of ambrosia {unknown}
 h - 3 potions of curing {unknown}
 j - 3 potions of agility {unknown}
 n - 5 potions of heal wounds {unknown}
 q - a potion of cancellation {unknown}
 r - a potion of mutation {unknown}
Comestibles
 f - 9 rations


   Skills:
 - Level 1.4 Fighting
 - Level 1.8 Staves
 * Level 3.3 Crossbows
 + Level 2.5 Dodging
 - Level 0.6 Stealth
 * Level 2.1 Spellcasting
 - Level 3.6 Hexes


You had 7 spell levels left.
You knew the following spells:

 Your Spells              Type           Power        Failure   Level  Hunger
a - Corona                Hex            ##.....      4%          1    #......

Your spell library contained the following spells:

 Spells                   Type           Power        Failure   Level  Hunger
 Slow                     Hex            ##......     8%          2    ###....
 Inner Flame              Hex/Fire       #.......     30%         3    ###....
 Portal Projectile        Hex/Tloc       #.....       30%         3    ###....
 Cause Fear               Hex            ##........   43%         4    #####..
 Leda's Liquefaction      Hex/Erth       #.........   71%         4    #####..


Dungeon Overview and Level Annotations

Branches:
Dungeon (5/15)
 Temple: D:4-7

Altars:
Elyvilon
Fedhas
The Shining One


Innate Abilities, Weirdness & Mutations

You are mostly covered in molten scales. (AC +3)
You sometimes gain a little power by taking damage.


Message History

There is a stone staircase leading down here.
There are monsters nearby!
You closely miss the gnoll. The gnoll closely misses you.
There are monsters nearby!
The gnoll shouts!
You hit the gnoll but do no damage. The gnoll hits you with a +0 spear.
The gnoll hits you with a cursed +0 halberd!
The gnoll hits you with a +0 spear. The gnoll barely misses you.
The gnoll hits you with a cursed +0 halberd.
* * * LOW HITPOINT WARNING * * *
You climb downwards.
Found a dagger.
There is a stone staircase leading up here.
Unknown command.
You barely miss the gnoll. The gnoll hits you with a +0 spear!
* * * LOW HITPOINT WARNING * * *
You sock the gnoll!
The gnoll is severely wounded.
The gnoll barely misses you. The gnoll hits you with a +0 spear.
You die...

# . .## .#
..####.##
###.......#
..).......
......##.
#........
#@g......
#g.......
#..#.....
..## ....
#.# ... #.#
.. #.# .
#..


You could see 2 gnolls.

Vanquished Creatures
  A centaur skeleton (D:4)
  2 iguanas
  A worker ant (D:4)
  2 adders (D:3)
  An ooze (D:1)
  An adder skeleton (D:4)
  A worm (D:2)
  3 dart slugs
  3 leopard geckos
  11 orcs (D:3)
  3 bats
  4 giant cockroaches
  6 goblins
  7 hobgoblins
  3 quokkas
  3 frilled lizards
  7 kobolds
  12 rats
71 creatures vanquished.

Notes
Turn   | Place    | Note
-------+----------+-------------------------------------------
     0 | D:1      | Iscandelvey the Demonspawn Arcane Marksman began the quest
                  | for the Orb.
     0 | D:1      | Reached XP level 1. HP: 15/15 MP: 2/2
    93 | D:1      | Gained mutation: You sometimes gain a little power by
                  | taking damage. [demonic ancestry]
    93 | D:1      | Reached XP level 2. HP: 18/21 MP: 3/3
   688 | D:2      | Gained mutation: You are partially covered in molten
                  | scales. (AC +2) [demonic ancestry]
   688 | D:2      | Reached XP level 3. HP: 25/26 MP: 4/4
  1090 | D:3      | Reached skill level 1 in Staves
  1090 | D:3      | Reached XP level 4. HP: 32/32 MP: 5/5
  1522 | D:3      | Found a blossoming altar of Fedhas.
  1586 | D:3      | Found a glowing golden altar of the Shining One.
  2108 | D:4      | Gained mutation: You are mostly covered in molten scales.
                  | (AC +3) [demonic ancestry]
  2108 | D:4      | Reached XP level 5. HP: 23/37 MP: 5/7
  2610 | D:4      | Found a white marble altar of Elyvilon.
  2826 | D:5      | Entered Level 5 of the Dungeon
  2827 | D:5      | HP: 1/37 [gnoll/+0 spear (9)]
  2828 | D:5      | Slain by a gnoll

Skill      XL: |  1  2  3  4  5 |
---------------+----------------+-----
Dodging        | 2 |  2.5
Crossbows      | 2 3 |  3.3
Staves         | 1 |  1.8
Spellcasting   | 2 |  2.1
Fighting       | |  1.4
Stealth        | |  0.6
Hexes          | |  3.6

Action                   |  1- 3 |  4- 6 || total
-------------------------+-------+-------++-------
Melee: Quarterstaff      |    37 |   108 ||   145
 Fire: Hand crossbow     |    49 |       ||    49
 Stab: Sleeping          |     1 |     1 ||     2
  Eat: Chunk             |       |     4 ||     4
Armor: Robe              |     5 |    24 ||    29
Dodge: Dodged            |    24 |    78 ||   102
